 Dungeon Sprint DCSS version 0.21.1-1-g345015f (webtiles) character file.

42 Fang the Skirmisher (level 3, -2/26 HPs)
             Began as a Gargoyle Berserker on July 12, 2018.
             Was a Priest of Trog.
             Slain by a slave (4 damage)
             ... led by Pikel
             ... in the Dungeon (Sprint VII: "The Pits").
             The game lasted 00:00:39 (500 turns).

Fang the Skirmisher (Gargoyle Berserker)             Turns: 500, Time: 00:00:40

Health: -2/26      AC:  5    Str: 21    XL:     3   Next: 56%
Magic:  3/3        EV: 12    Int:  7    God:    Trog [***...]
Gold:   0          SH:  0    Dex:  9    Spells: 2/2 levels left

rFire    . . .     SeeInvis .   j - +2 hand axe
rCold    . . .     Gourm    .   (no shield)
rNeg     + . .     Faith    .   b - +0 animal skin
rPois    ∞         Spirit   .   (no helmet)
rElec    +         Reflect  .   (no cloak)
rCorr    .         Harm     .   (no gloves)
MR       .....     NoTele   +   (no boots)
Stlth    +.........             (no amulet)
HPRegen  0.08/turn              (no ring)
MPRegen  0.08/turn              (no ring)

@: berserk cooldown, slowed, very slow
A: negative energy resistance 1, electricity resistance, unbreathing,
petrification resistance, rot immunity, AC +3
a: Berserk, Trog's Hand, Burn Spellbooks, Renounce Religion


You were in the Dungeon.
You worshipped Trog.
Trog was most pleased with you.
You were not hungry.

You visited 1 branch

Inventory:

Hand Weapons
 j - a +2 hand axe (weapon)
Armour
 b - a +0 animal skin (worn)
Scrolls
 i - a scroll of blinking
 k - 3 scrolls of remove curse
 l - a scroll of summoning
Potions
 a - 2 potions of invisibility
 d - a potion of curing
 e - a potion of heal wounds
 f - a potion of haste
 g - 4 potions of magic
 h - 3 potions of berserk rage
Comestibles
 c - 9 rations


   Skills:
 + Level 5.3 Fighting
 + Level 4.7 Axes
 + Level 3.1 Armour
 + Level 2.7 Dodging


You had 2 spell levels left.
You didn't know any spells.

Dungeon Overview and Level Annotations

Branches:
Dungeon (1/1)

Altars:
Cheibriados
Dithmenos
Elyvilon
Fedhas
Gozag
Hepliaklqana
Makhleb
Nemelex Xobeh
Okawaru
Qazlal
Ru
Sif Muna
Trog
Vehumet
Wu Jian
Xom
Yredelemnul
Zin
The Shining One
Beogh
Jiyva
Lugonu


Innate Abilities, Weirdness & Mutations

You are resistant to torment.
Your stone body is resilient. (AC +3)
You are immune to poison.
You resist negative energy. (rN+)
You are resistant to electric shocks. (rElec)
You can survive without breathing.
You are immune to petrification.
You are immune to rotting.


Message History

Items here: [[ ††† an animal skin x2; a human corpse; a river rat corpse; a human corpse You feel a strong urge to attack something.
You are no longer berserk.
You are exhausted.
You feel yourself slow down. The slave hits you but does no damage.
You barely miss the slave. The slave hits you.
You barely miss the slave. The slave hits you but does no damage.
The ooze closely misses you. The slave hits you.
* * * LOW HITPOINT WARNING * * *
You hit the slave.
The slave is lightly wounded.
You hit the ooze. The ooze barely misses you. The slave hits you.
* * * LOW HITPOINT WARNING * * *
You hit the slave but do no damage.
The slave is lightly wounded.
You hit the ooze. The ooze hits you.
* * * LOW HITPOINT WARNING * * *
The slave barely misses you. The ooze misses you. The slave hits you.
You die...

#.?(.')))'.##......#.
##########.##........
#..........)'........
#+#####'#####......#.
#..#..# #........
#..)..# ####'####
#..#### #.......#
#..# #.......# #p@#
#.......# ##J#
#...<...#
#.o..Jo..##.......#
#........##.......#
###########.......#
#########


You could see a slave, an ooze and an orc.

Vanquished Creatures
  3 slaves (D)
  A worker ant (D)
  A river rat (D)
  An ufetubus (D)
  2 goblins (D)
  A hobgoblin (D)
  A bat (D)
10 creatures vanquished.

Notes
Turn   | Place    | Note
-------+----------+-------------------------------------------
     0 | D        | Fang the Gargoyle Berserker began the quest for the Orb.
     0 | D        | Reached XP level 1. HP: 14/14 MP: 1/1
   128 | D        | Found a bloodstained altar of Trog.
   128 | D        | Found a deep blue altar of Sif Muna.
   128 | D        | Found a viscous altar of Jiyva.
   128 | D        | Found a hazy altar of Hepliaklqana.
   128 | D        | Found an opulent altar of Gozag.
   129 | D        | Found a glowing golden altar of the Shining One.
   129 | D        | Found a glowing silver altar of Zin.
   129 | D        | Found a basalt altar of Yredelemnul.
   129 | D        | Found a shimmering altar of Xom.
   129 | D        | Found an ornate altar of the Wu Jian Council.
   129 | D        | Found a sacrificial altar of Ru.
   129 | D        | Found a stormy altar of Qazlal.
   129 | D        | Found an iron altar of Okawaru.
   129 | D        | Found a sparkling altar of Nemelex Xobeh.
   129 | D        | Found a burning altar of Makhleb.
   129 | D        | Found a blossoming altar of Fedhas.
   129 | D        | Found a white marble altar of Elyvilon.
   129 | D        | Found a shadowy altar of Dithmenos.
   129 | D        | Found a snail-covered altar of Cheibriados.
   131 | D        | Found a radiant altar of Vehumet.
   131 | D        | Found a corrupted altar of Lugonu.
   131 | D        | Found a roughly hewn altar of Beogh.
   175 | D        | Reached ** piety under Trog
   175 | D        | Reached skill level 4 in Fighting
   175 | D        | Reached XP level 2. HP: 17/20 MP: 2/2
   241 | D        | Reached skill level 5 in Fighting
   241 | D        | Reached XP level 3. HP: 8/26 MP: 3/3
   478 | D        | Noticed a slave
   480 | D        | Noticed a slave
   483 | D        | Noticed a slave
   483 | D        | Killed a slave
   486 | D        | Killed a slave
   488 | D        | Reached *** piety under Trog
   491 | D        | Noticed a slave
   494 | D        | Killed a slave
   500 | D        | Slain by a slave

Skill      XL: |  1  2 |
---------------+-------+-----
Axes           | 3 4 |  4.7
Fighting       | 4 5 |  5.3
Dodging        | 2 |  2.7
Armour         | 3 |  3.1

Action                   || total
-------------------------++-------
Melee: Hand axe          ||    40
Invok: Berserk           ||     2
Armor: Animal skin       ||     9
Dodge: Dodged            ||    26
